 Dungeon Crawl Stone Soup version 0.18-a0-1572-g0a86841 (webtiles) character file.

17 dorian the Unweaver (level 2, 0/24 HPs)
             Began as a Demonspawn Abyssal Knight on Mar 15, 2016.
             Was a Follower of Lugonu.
             Slain by a ball python (1 damage)
             ... on level 1 of the Dungeon.
             The game lasted 00:01:31 (679 turns).

dorian the Unweaver (Demonspawn Abyssal Knight)      Turns: 679, Time: 00:01:31

Health: 0/24       AC:  3    Str: 12    XL:     2   Next: 44%
Magic:  4/4        EV:  8    Int: 13    God:    Lugonu [*.....]
Gold:   63         SH:  0    Dex: 12    Spells: 0 memorised, 1 level left

rFire  . . .     SeeInvis .     a - +1 mace
rCold  . . .     Gourm    .     b - +0 leather armour
rNeg   . . .     Faith    .     (no shield)
rPois  .         Spirit   .     (helmet restricted)
rElec  .         Dismiss  .     (no cloak)
rCorr  .         Reflect  .     (no gloves)
SustAt .         Harm     .     (no boots)
MR     .....                    (no amulet)
Stlth  +.........               (no ring)
                                (no ring)

@: constricted, not resistant to hostile enchantments, very unstealthy
A: antennae 1
a: Depart the Abyss, Renounce Religion


You were on level 1 of the Dungeon.
You worshipped Lugonu.
Lugonu was aware of your devotion.
You were not hungry.

You visited 1 branch of the dungeon, and saw 1 of its levels.
You visited the Abyss 1 time.

You collected 63 gold pieces.

Inventory:

Hand Weapons
 a - a +1 mace (weapon)
Missiles
 i - 4 javelins (quivered)
Armour
 b - a +0 leather armour (worn)
Jewellery
 l - an uncursed ring of sustain attributes {unknown}
Scrolls
 e - a scroll of amnesia {unknown}
 f - a scroll of magic mapping {unknown}
 h - a scroll of identify {unknown}
 j - 3 scrolls of fear {unknown}
 n - a scroll of immolation {unknown}
Comestibles
 c - a bread ration
 d - a slice of pizza
 k - 3 fruits
 m - a meat ration


   Skills:
 - Level 3.0 Fighting
 + Level 2.4 Maces & Flails
 - Level 1.7 Armour
 - Level 0.8 Dodging
 + Level 3.2 Invocations


You had one spell level left.
You didn't know any spells.

Dungeon Overview and Level Annotations

Branches:
Dungeon (1/15)

Altars:


Innate Abilities, Weirdness & Mutations

You have a pair of small antennae on your head.


Message History

* * * LOW HITPOINT WARNING * * *
You sock the kobold!
You kill the kobold!
Lugonu accepts your kill.
A ball python comes into view.
You closely miss the hobgoblin. The hobgoblin hits you with a club.
* * * LOW HITPOINT WARNING * * *
The hobgoblin hits you with a club.
* * * LOW HITPOINT WARNING * * *
You aren't carrying any potions.
The ball python bites you but does no damage.
The ball python grabs you. The ball python constricts you.
You escape the ball python's grasp.
You see here a stone.
The hobgoblin hits you but does no damage.
The ball python bites you but does no damage.
The ball python grabs you. The ball python constricts you.
Your attempt to break free from the ball python fails, but you feel that another attempt might succeed.
The ball python bites you but does no damage.
You die...

#..#...........#
...####........# ....#
#...(....# ....#
#........# #####'####
#.# #.# #########'######
#..(.(.S@......#
#.....Kg(......#
#...((.(....(..# ###
+..)...........# ..###
#†.............# #...#
#..............# #...##
#..............#
##...####..............#
(#....K................#


You could see a hobgoblin, a ball python and a kobold.

Vanquished Creatures
  A bat (D:1)
  5 goblins (D:1)
  2 hobgoblins (D:1)
  A jackal (D:1)
  2 kobolds (D:1)
  A ball python (D:1)
  A giant newt (D:1)
  2 rats (D:1)
15 creatures vanquished.

Notes
Turn   | Place    | Note
--------------------------------------------------------------
     0 | Abyss:1  | dorian the Demonspawn Abyssal Knight began the quest for the Orb.
     0 | Abyss:1  | Reached XP level 1. HP: 18/18 MP: 2/2
    51 | Abyss:1  | Noticed a chaos spawn
    52 | D:1      | Escaped the Abyss
   113 | D:1      | Reached * piety under Lugonu
   379 | D:1      | Gained mutation: You have a pair of small antennae on your head. [demonic ancestry]
   379 | D:1      | Reached XP level 2. HP: 21/24 MP: 2/4
   668 | D:1      | HP: 1/24 [hobgoblin/club (1)]
   679 | D:1      | Slain by a ball python

Vault maps used:
D:1:      minmay_arrival_split_and_join, minmay_unequal

Skill      XL: |  1 |
---------------+----+-----
Maces & Flails | 2 |  2.4
Invocations    | 3 |  3.2
Fighting       | |  3.0
Armour         | |  1.7
Dodging        | |  0.8

Action                   || total
-------------------------++-------
Melee: Mace              ||    55
Invok: Depart the Abyss  ||     1
